 Dungeon Crawl Stone Soup version 0.32-a0-128-g77eb882913 (console) character file.

Game seed: 1923853798647284139

0 zenocrate the Sneak (level 1, -1/14 HPs)
             Began as a Kobold Delver on Feb 7, 2024.
             Slain by an adder (4 damage)
             ... on level 4 of the Dungeon.
             The game lasted 00:00:20 (89 turns).

zenocrate the Sneak (Kobold Delver)                   Turns: 89, Time: 00:00:20

Health: -1/14      AC:  3    Str:  9    XL:     1   Next: 11%
Magic:  1/1        EV: 14    Int: 11    God:
Gold:   7          SH:  0    Dex: 16    Spells: 0/0 levels left

rFire   . . .        a - +0 short sword
rCold   . . .        (no shield)
rNeg    . . .        b - +0 leather armour
rPois   .            (no helmet)
rElec   .            (no cloak)
rCorr   .            (no gloves)
SInv    .            (no boots)
Will    .....        (no amulet)
Stlth   ++++         (no ring)
HPRegen 0.22/turn    (no ring)
MPRegen 0.07/turn

%: no passive effects
@: no status effects
A: small, no large weapons, nightstalker 3
a: no special abilities


You were on level 4 of the Dungeon.
You visited 1 branch of the dungeon, and saw 2 of its levels.

You collected 7 gold pieces.

Inventory:

Hand Weapons
 a - a +0 short sword (weapon)
Armour
 b - a +0 leather armour (worn)
Wands
 g - a wand of digging (3)
Scrolls
 c - a scroll of fog
 d - 2 scrolls of revelation
 e - a scroll of fear
Potions
 f - a potion of haste


   Skills:
 - Level 3.2 Fighting
 + Level 2.7 Short Blades
 + Level 0.0(0.9) Long Blades
 + Level 2.4 Dodging
 + Level 6.6 Stealth


You couldn't memorise any spells.
You didn't know any spells.
Your spell library was empty.

Dungeon Overview and Level Annotations

Branches:
Dungeon (5/15)
 Temple: D:4-7

Altars:


Innate Abilities, Weirdness & Mutations

You are small and have problems with some larger weapons.
You are completely attuned to the shadows.


Message History

There is a stone staircase leading down here.
A kobold is nearby!
A kobold is nearby!
The helpless kobold fails to defend itself.
You impale the kobold!!
You kill the kobold!
No target in view!
Things that are here:
a +0 short sword; a kobold corpse You now have 7 gold pieces.
An adder comes into view.
The adder hisses angrily.
The adder bites you.
An adder is nearby!
An adder is nearby!
You hit the adder but do no damage. The adder barely misses you.
You hit the adder.
The adder is moderately wounded.
The adder bites you.
You are poisoned.
The adder poisons you!
You hit the adder.
The adder is severely wounded.
You feel sick. The adder bites you but does no damage.
You hit the adder.
The adder is almost dead.
You feel sick. The adder bites you.
You are too injured to fight recklessly!
Unknown command.
You closely miss the adder.
The adder is almost dead.
You feel sick. The adder bites you.
* * * LOW HITPOINT WARNING * * *
Unknown command.
You hit the adder but do no damage. Your punch misses the adder.
The adder is almost dead.
You feel sick.
You are no longer poisoned.
The adder bites you.
You die...

##.##...
#........
#........
#...........
#..>........
#...........
#..........#
#.@S.)......
#.#####.####
#.# #.# #.#
#.# #.# #.##
#.# #..# #.#
##.# #.#
#.## #.#
#..# #.##
##.# #..####
#.#


You could see an adder.

Vanquished Creatures
  A kobold (D:4)
1 creature vanquished.

Notes
Turn   | Place    | Note
-------+----------+-------------------------------------------
     0 | D:5      | zenocrate the Kobold Delver began the quest for the Orb.
     0 | D:5      | Reached XP level 1. HP: 14/14 MP: 1/1
    89 | D:4      | Slain by an adder

Illustrated notes

Levels and vault maps discovered:
D:4:      layout_rooms, mainiacjoe_overflow_paths
D:5:      kennysheep_big_flooded_room, layout_loops_cross, serial_shops,
          nicolae_shop_tiny_waterfront, uniq_pikel

Action                     || total
---------------------------++-------
  Melee: Short sword       ||     7
   Stab: Sleeping          ||     1
 Armour: Leather armour    ||     6
  Dodge: Dodged            ||     1

Table legend: (Time is in decaauts)
 A = Elapsed time spent in this place.
 B = Non-inter-level travel time spent in this place.
 C = Inter-level travel time spent in this place.
 D = Time resting spent in this place.
 E = Time spent auto-exploring this place.
 F = Levels seen in this place.
 G = Mean time per level.
                   A        B        C        D        E       F      G
               +--------+--------+--------+--------+--------+-----+--------+
         Total |     87 |     87 |      0 |      0 |     68 |   2 |   43.5 |
       Dungeon |     87 |     87 |      0 |      0 |     68 |   2 |   43.5 |
               +--------+--------+--------+--------+--------+-----+--------+

Top non-repeatable levels by time:
     D:4: 49 daAuts
     D:5: 38 daAuts
